 Dungeon Crawl Stone Soup version 0.22.1-2-g9c5b331 (webtiles) character file.

2934 Anon1729 the Covert (level 9, -9/62 HPs)
             Began as an Octopode Monk on Nov 18, 2018.
             Killed by divine providence
             ... invoked by an orc priest
              (14 damage)
             ... on level 7 of the Dungeon.
             The game lasted 00:23:04 (9616 turns).

Anon1729 the Covert (Octopode Monk)                 Turns: 9616, Time: 00:23:05

Health: -9/62      AC:  8    Str: 11    XL:     9   Next: 80%
Magic:  10/10      EV: 17    Int: 12    God:
Gold:   204        SH:  0    Dex: 17    Spells: 8/8 levels left

rFire    . . .     SeeInvis .   C - +1 scimitar (protect)
rCold    . . .     Gourm    +   (no shield)
rNeg     . . .     Faith    .   (helmet restricted)
rPois    .         Spirit   .   n - amulet of the gourmand
rElec    .         Reflect  .   e - ring of stealth
rCorr    .         Harm     .   (no ring)
MR       .....                  (no ring)
Stlth    ++++++....             (no ring)
HPRegen  0.20/turn              (no ring)
MPRegen  0.12/turn              (no ring)
                                (no ring)
                                (no ring)

@: protection aura
A: almost no armour, stealthy swim, amphibious, 8 rings, constrict 8, camouflage
1, gelatinous body 1
a: no special abilities


You were on level 7 of the Dungeon.
You were completely stuffed.

You visited 2 branches of the dungeon, and saw 8 of its levels.
You also visited: Sewer.

You collected 369 gold pieces.
You spent 165 gold pieces at shops.

Inventory:

Hand Weapons
 B - a +0 scythe
 C - a +1 scimitar of protection (weapon)
Magical Staves
 p - an uncursed staff of wizardry
Jewellery
 c - an uncursed amulet of magic regeneration
 e - a ring of stealth (left tentacle)
 n - an amulet of the gourmand (around mantle)
Wands
 l - a wand of flame (27)
 s - a wand of iceblast (12)
Scrolls
 d - 6 scrolls of identify {unknown}
 f - 6 scrolls of teleportation {unknown}
 g - 2 scrolls of enchant weapon {unknown}
 i - 3 scrolls of amnesia {unknown}
 k - 2 scrolls of fear {unknown}
 m - 2 scrolls of remove curse {unknown}
 q - 3 scrolls of fog {unknown}
Potions
 h - a potion of lignification {unknown}
 j - 4 potions of curing
 o - 3 potions of cancellation
 r - 2 potions of might {unknown}
 v - a potion of invisibility {unknown}
 w - a potion of ambrosia
 x - 2 potions of degeneration {unknown}
 z - a potion of agility {unknown}
 A - a potion of resistance {unknown}
Comestibles
 a - 2 chunks of flesh
 b - 8 rations


   Skills:
 + Level 5.8 Fighting
 + Level 9.3 Long Blades
 + Level 0.2 Polearms
 + Level 5.8 Dodging
 + Level 9.5 Stealth
 + Level 2.4 Evocations


You had 8 spell levels left.
You didn't know any spells.
Your spell library was empty.

Dungeon Overview and Level Annotations

Branches:
Dungeon (7/15)             Temple (1/1) D:5

Altars:
Ashenzari
Cheibriados
Dithmenos
Elyvilon
Fedhas
Gozag
Hepliaklqana
Kikubaaqudgha
Makhleb
Nemelex Xobeh
Qazlal
Ru
Sif Muna
Trog
Vehumet
Wu Jian
Xom
Zin
The Shining One

Shops:
D:4 [:?*   D:5 *(   D:6 (

Annotations:
D:4 1 exclusion
D:5 1 runed door, smtktc's ghost, amateur DECj


Innate Abilities, Weirdness & Mutations

You cannot wear most types of armour.
You are very stealthy in the water. (Stealth+)
You are amphibious.
You can wear up to eight rings at the same time.
You can use your tentacles to constrict eight enemies at once.
Your skin changes colour to match your surroundings (Stealth+).
Your rubbery body absorbs attacks. (AC +1, EV +1)


Message History

You constrict the orc.
You kill the orc!
The orc priest looks braver for a moment.
You hit the orc priest. You grab the orc priest.
The orc priest is moderately wounded.
You constrict the orc priest.
The orc priest calls down the wrath of Beogh upon you.
Beogh smites you!
* * * LOW HITPOINT WARNING * * *
The orc priest mumbles some strange prayers to Beogh against you.
You struggle to resist.
Unknown command.
You completely miss the orc priest.
The orc priest is heavily wounded.
You constrict the orc priest. The orc priest barely misses you.
You slash the orc priest!
You kill the orc priest!
The orc priest invokes the aid of Beogh against you.
Beogh smites you!
You die...

#....# #.# #.####
###########.#
#.######...........#
#####.............####.##
#.....(......####.# #..#
#.###..####..# #.# ##.#
#..# #..####.#####.#
#..####..............
#.o)@...###.....###..
##.####.###.###.###.. #.#
#.....# #.....# #.#
#.###.###.#####
#o####o####.#.......#
#o.o.o......#.#...###
###########.._..###
###.#.# #...#


You could see an orc priest.

Vanquished Creatures
  Grinder (D:4)
  Sigmund (D:5)
  3 orc warriors
  A black bear (D:5)
  A necrophage (D:6)
  A sky beast (D:5)
  2 phantoms
  3 ogres
  2 centaurs (D:6)
  6 big kobolds (Sewer)
  2 jellies
  A crimson imp (D:6)
  A bullfrog zombie (D:6)
  3 orc priests
  A centaur skeleton (D:5)
  6 orc wizards
  Crazy Yiuf (D:3)
  A gnoll shaman (D:7)
  2 iguanas (D:4)
  Jessica (D:3)
  Natasha (thrice) (D:2)
  3 worker ants
  A howler monkey skeleton (D:6)
  Robin (D:3)
  5 gnolls (D:7)
  12 adders
  A river rat (Sewer)
  A shadow imp (D:5)
  3 oozes (Sewer)
  An adder skeleton (D:7)
  2 adder zombies (D:6)
  5 worms
  4 dart slugs
  9 leopard geckos
  12 orcs
  3 ball pythons
  8 giant cockroaches
  10 hobgoblins
  13 jackals
  10 kobolds
  6 bats
  2 frilled lizards
  7 goblins
  10 rats
  A fungus (D:3)
173 creatures vanquished.

Vanquished Creatures (others)
  A quokka (D:6)
1 creature vanquished.

Grand Total: 174 creatures vanquished

Notes
Turn   | Place    | Note
-------+----------+-------------------------------------------
     0 | D:1      | Anon1729 the Octopode Monk began the quest for the Orb.
     0 | D:1      | Reached XP level 1. HP: 16/16 MP: 1/1
   128 | D:1      | Reached XP level 2. HP: 21/21 MP: 2/2
   325 | D:1      | Reached XP level 3. HP: 24/26 MP: 3/3
   755 | D:2      | Found a shadowy altar of Dithmenos.
  1160 | D:2      | Noticed Natasha
  1166 | D:2      | Reached XP level 4. HP: 31/31 MP: 4/4
  1175 | D:2      | Killed Natasha
  1252 | D:2      | Noticed Natasha
  1259 | D:2      | Killed Natasha
  1429 | D:3      | Reached XP level 5. HP: 31/36 MP: 5/5
  1447 | D:3      | Noticed Robin
  1488 | D:3      | Noticed Jessica
  1577 | D:2      | Noticed Natasha
  1594 | D:3      | Found a shattered altar of Ashenzari.
  1641 | D:3      | Killed Jessica
  1705 | D:3      | Found an ornate altar of the Wu Jian Council.
  1775 | D:3      | Found a glowing drain.
  1783 | Sewer    | Entered a sewer
  1835 | Sewer    | Noticed a big kobold
  1843 | Sewer    | Reached skill level 5 in Stealth
  1853 | Sewer    | Killed a big kobold
  1853 | Sewer    | Reached XP level 6. HP: 13/43 MP: 6/6
  2272 | Sewer    | Reached skill level 5 in Long Blades
  2392 | Sewer    | Reached XP level 7. HP: 48/48 MP: 7/7
  2872 | D:3      | Killed Robin
  3048 | D:2      | Killed Natasha
  3144 | D:3      | Found a runed door.
  3148 | D:3      | Noticed Crazy Yiuf
  3163 | D:3      | Killed Crazy Yiuf
  3306 | D:4      | Found Zen Ren's Assorted Antiques.
  3314 | D:4      | Bought a scroll labeled WINEEK JIKHEV for 29 gold pieces
  3314 | D:4      | Bought a scroll labeled EGGEUF YSAX for 29 gold pieces
  3314 | D:4      | Bought a pink potion for 26 gold pieces
  3314 | D:4      | Bought a glowing puce potion for 26 gold pieces
  3314 | D:4      | Bought a fizzy silvery potion for 26 gold pieces
  3314 | D:4      | Bought a scroll labeled ICA JUTIHANO for 29 gold pieces
  3383 | D:4      | Found Ithit's Magic Scroll Shoppe.
  3502 | D:4      | Reached XP level 8. HP: 54/54 MP: 8/8
  3512 | D:4      | Noticed Grinder
  3529 | D:4      | Found Hostrit's Antique Armour Boutique.
  3596 | D:4      | Found Leuce's Book Shoppe.
  3721 | D:4      | Found a bloodstained altar of Trog.
  3724 | D:4      | Noticed a wizard
  4127 | D:4      | Paralysed by Grinder for 3 turns
  4136 | D:4      | Killed Grinder
  4438 | D:5      | Entered Level 5 of the Dungeon
  4642 | D:5      | Noticed Sigmund
  4654 | D:5      | Killed Sigmund
  4654 | D:5      | Reached skill level 1 in Evocations
  4707 | D:5      | Found a sacrificial altar of Ru.
  4758 | D:5      | Reached skill level 5 in Fighting
  4795 | D:5      | Found Gozag's Platinum Reserve.
  4799 | D:5      | Found an opulent altar of Gozag.
  4799 | D:5      | Found Wuotis's Antique Weapon Shop.
  5172 | D:5      | Reached skill level 5 in Dodging
  5336 | D:5      | Found a staircase to the Ecumenical Temple.
  5413 | Temple   | Entered the Ecumenical Temple
  6009 | D:5      | Reached XP level 9. HP: 38/61 MP: 10/10
  6171 | D:5      | Found a runed door.
  6171 | D:5      | Noticed smtktc's ghost (amateur DECj)
  7054 | D:6      | Found a hazy altar of Hepliaklqana.
  7640 | D:6      | Found a shimmering altar of Xom.
  8271 | D:6      | Found Senuploud's Antique Weapon Shop.
  9359 | D:6      | Found a white marble altar of Elyvilon.
  9430 | D:7      | Found an ancient bone altar of Kikubaaqudgha.
  9557 | D:7      | Found a blossoming altar of Fedhas.
  9616 | D:7      | Killed from afar by an orc priest

Skill      XL: |  1  2  3  4  5  6  7  8  9 |
---------------+----------------------------+-----
Stealth        | 3 4 5 7 8 9 |  9.5
Long Blades    | 4 5 6 7 9 |  9.3
Dodging        | 4 5 |  5.8
Fighting       | 4 5 |  5.8
Evocations     | 1 2 |  2.4
Polearms       | |  0.2

Action                   |  1- 3 |  4- 6 |  7- 9 || total
-------------------------+-------+-------+-------++-------
Melee: Falchion          |    60 |    82 |   180 ||   322
       Constrict         |    15 |    27 |    69 ||   111
       Tentacles         |    12 |    21 |    76 ||   109
       Long sword        |       |       |    64 ||    64
       Scimitar          |       |       |    49 ||    49
       Scythe            |       |       |    14 ||    14
Evoke: Wand              |       |       |    19 ||    19
  Use: Potion            |       |     2 |     5 ||     7
 Stab: Sleeping          |    15 |     6 |    10 ||    31
       Distracted        |       |       |     3 ||     3
  Eat: Chunk             |     1 |     9 |    26 ||    36
Armor: Skin              |     8 |     9 |    18 ||    35
Dodge: Dodged            |    36 |    67 |   197 ||   300
       Rpst.: Falchion   |    10 |    19 |    41 ||    70
       Long sword        |       |       |    15 ||    15
       Scimitar          |       |       |     8 ||     8
